 Dungeon Crawl Stone Soup version 0.22-a0-259-gdd11e71 (webtiles) character file.

249 Serpenta the Sneak (level 5, -1/35 HPs)
             Began as a Vampire Enchanter on Mar 5, 2018.
             Was an Initiate of Dithmenos.
             Slain by an ogre
             ... wielding a cursed -3 giant club
              (3 damage)
             ... on level 4 of the Dungeon.
             The game lasted 00:08:43 (3957 turns).

Serpenta the Sneak (Vampire Enchanter)              Turns: 3957, Time: 00:08:44

Health: -1/35      AC:  6    Str:  7    XL:     5   Next: 87%
Magic:  3/8        EV: 13    Int: 18    God:    Dithmenos [......]
Gold:   173        SH:  0    Dex: 15    Spells: 2/8 levels left

rFire    . . .     SeeInvis +   a - +1 dagger
rCold    . . .     Gourm    .   (no shield)
rNeg     + . .     Faith    .   b - +0 robe
rPois    .         Spirit   .   q - +0 helmet
rElec    .         Reflect  .   (no cloak)
rCorr    .         Harm     .   j - +2 pair of gloves
MR       .....                  (no boots)
Stlth    +++.......             (no amulet)
HPRegen  0.11/turn              (no ring)
MPRegen  0.11/turn              (no ring)

@: no status effects
A: fangs 3, see invisible, unbreathing
a: Bat Form, Renounce Religion


You were on level 4 of the Dungeon.
You worshipped Dithmenos.
Dithmenos was noncommittal.
You were not thirsty.

You visited 2 branches of the dungeon, and saw 5 of its levels.

You collected 173 gold pieces.


Innate Abilities, Weirdness & Mutations

You have razor-sharp teeth.
You have supernaturally acute eyesight. (SInv)
You can survive without breathing.


   Skills:
 + Level 3.7 Short Blades
 - Level 2.1 Dodging
 + Level 6.9 Stealth
 - Level 2.0 Spellcasting
 + Level 6.6 Hexes


You had 2 spell levels left.
You knew the following spells:

 Your Spells              Type           Power        Failure   Level  Hunger
A - Corona                Hex            ####...      1%          1    #......
B - Ensorcelled Hibernat  Hex/Ice        ##....       7%          2    ###....
C - Confuse               Hex            ####....     3%          3    ###....

Action                   |  1- 3 |  4- 6 || total
-------------------------+-------+-------++-------
Melee: Dagger            |   110 |    51 ||   161
       Bite              |     4 |     3 ||     7
 Cast: Corona            |     3 |     2 ||     5
       Ensorcelled Hiber |    10 |    26 ||    36
       Confuse           |       |     2 ||     2
  Use: Scroll            |     2 |     1 ||     3
       Potion            |       |     1 ||     1
 Stab: Sleeping          |    20 |    15 ||    35
       Distracted        |     1 |       ||     1
  Eat: Corpse            |    11 |     1 ||    12
Armor: Robe              |    29 |     5 ||    34
Dodge: Dodged            |    93 |    21 ||   114

Inventory:

Hand Weapons
 a - a +1 dagger (weapon)
Armour
 b - a +0 robe (worn)
 j - a +2 pair of gloves (worn)
 q - a +0 helmet (worn)
Jewellery
 h - an uncursed ring of fire
Wands
 i - a wand of paralysis (11)
 r - a wand of digging (10)
Scrolls
 c - 2 scrolls of fear {unknown}
 f - a scroll of amnesia {unknown}
 g - a scroll of blinking {unknown}
 l - 2 scrolls of teleportation
 m - a scroll of remove curse {unknown}
 n - 4 scrolls of identify
 o - a scroll of enchant weapon {unknown}
Potions
 d - 10 potions of blood
 e - 4 potions of brilliance
 k - a potion of curing
 p - a potion of haste {unknown}

..##################'####...##...
..# #...................... ..
#...................... ..
#......................
#.....[.##.............
#....<..##.............
#.......##...##...##...
#.......##...##...##...
#.....@.#..............
#.....O.#..........>...
#.......#..............
#.......#########.##.## ###
#.......##...####.##.#. ..#
#.......#............#. ..#
#.......#....(.......#l ..#
#.......#............#. ..#
#.......#............#.


You could see an ogre.

Vanquished Creatures
  A slave (Temple)
  An ogre (D:4)
  A hound (D:4)
  4 gnolls (D:3)
  3 adders
  An ooze (D:3)
  2 worms (D:2)
  5 leopard geckos
  6 orcs
  A ball python (D:3)
  3 giant cockroaches
  3 goblins
  3 hobgoblins
  2 jackals (D:3)
  2 quokkas
  9 bats
  A frilled lizard (D:3)
  3 kobolds
  A leopard gecko skeleton (D:4)
  8 rats
60 creatures vanquished.

Vault maps used:
D:1:      matt_arrival_refuge
D:2:      first_ration, minmay_pentomino_r4
D:3:      kennysheep_generic_room_7
D:4:      regret_index_temple_of_mockery, minmay_temple_entry_glass,
          uniq_blork_the_orc, uniq_grinder, uniq_pikel
Temple:   regret_index_temple_sphere_string


Message History

The ogre shouts!
Casting: Confuse (safe; 3% risk of failure)
Confirm with . or Enter, or press ? or * to list all spells.
Aiming: Ensorcelled Hibernation (safe; 7% risk of failure)
Press: ? - help, Shift-Dir - straight line, f - ogre
Aim: an ogre, wielding a giant club (chance to defeat MR: 44%)
The ogre looks drowsy...
The ogre shouts!
The ogre hits you with a giant club!!
Ouch! That really hurt!
* * * LOW HITPOINT WARNING * * *
You hit the ogre but do no damage.
Casting: Ensorcelled Hibernation (safe; 7% risk of failure)
Confirm with . or Enter, or press ? or * to list all spells.
Aiming: Confuse (safe; 3% risk of failure)
Press: ? - help, Shift-Dir - straight line, f/p - ogre
Aim: an ogre, wielding a giant club (chance to defeat MR: 54%)
The ogre resists with significant effort.
The ogre hits you with a giant club.
You die...

Notes
Turn   | Place    | Note
-------+----------+-------------------------------------------
     0 | D:1      | Serpenta the Vampire Enchanter began the quest for the Orb.
     0 | D:1      | Reached XP level 1. HP: 13/13 MP: 3/3
   401 | D:1      | Reached XP level 2. HP: 4/19 MP: 3/5
  1221 | D:2      | Learned a level 2 spell: Ensorcelled Hibernation
  1338 | D:2      | Reached skill level 5 in Stealth
  1338 | D:2      | Reached skill level 5 in Hexes
  1417 | D:2      | Reached XP level 3. HP: 20/24 MP: 6/6
  2174 | D:2      | Learned a level 3 spell: Confuse
  2389 | D:3      | Reached XP level 4. HP: 29/30 MP: 7/7
  3158 | D:4      | Noticed Grinder
  3207 | D:4      | Reached XP level 5. HP: 35/35 MP: 8/8
  3256 | D:4      | Found a staircase to the Ecumenical Temple.
  3264 | D:4      | Noticed an ogre
  3312 | Temple   | Entered the Ecumenical Temple
  3348 | Temple   | Became a worshipper of Dithmenos the Shadowed
  3380 | D:4      | Killed an ogre
  3418 | D:4      | Noticed a slave
  3418 | D:4      | Noticed a slave
  3457 | Temple   | Killed a slave
  3818 | D:4      | Noticed a phantom
  3950 | D:4      | Noticed an ogre
  3957 | D:4      | Slain by an ogre
